 Dungeon Crawl Stone Soup version 0.24-a0-381-g637bb3806f (webtiles) character file.

Game seed: 14063342059219780180

16 tsouns the Skirmisher (level 2, -1/19 HPs)
             Began as a Gargoyle Wanderer on June 4, 2019.
             Slain by a gnoll
             ... wielding a +0 club
              (3 damage)
             ... on level 1 of the Dungeon.
             The game lasted 00:01:53 (1047 turns).

tsouns the Skirmisher (Gargoyle Wanderer)           Turns: 1047, Time: 00:01:54

Health: -1/19      AC:  4    Str: 14    XL:     2   Next: 58%
Magic:  1/2        EV: 11    Int: 13    God:
Gold:   22         SH:  0    Dex:  9    Spells: 0/1 levels left

rFire    . . .     SeeInvis .   a - +0 short sword
rCold    . . .     Gourm    .   (no shield)
rNeg     + . .     Faith    .   d - +0 robe
rPois    ∞         Spirit   .   (no helmet)
rElec    +         Reflect  .   (no cloak)
rCorr    .         Harm     .   (no gloves)
MR       .....                  (no boots)
Stlth    +.........             (no amulet)
HPRegen  0.06/turn              (no ring)
MPRegen  0.08/turn              (no ring)

@: very slightly contaminated
A: negative energy resistance 1, electricity resistance, unbreathing,
petrification resistance, rot immunity, AC +2
a: no special abilities


You were on level 1 of the Dungeon.
You were hungry.

You visited 1 branch of the dungeon, and saw 1 of its levels.

You collected 22 gold pieces.

Inventory:

Hand Weapons
 a - a +0 short sword (weapon)
 c - a +0 whip
Missiles
 e - 54 stones (quivered)
Armour
 d - a +0 robe (worn)
Scrolls
 h - a scroll of blinking {unknown}
 i - a scroll of remove curse {unknown}
 j - a scroll of fear {unknown}
 k - a scroll of identify {unknown}
 l - a scroll of enchant weapon {unknown}
Potions
 b - 2 potions of lignification
 g - 3 potions of curing {unknown}
Comestibles
 f - a ration


   Skills:
 + Level 3.0 Fighting
 - Level 1.7 Short Blades
 + Level 1.1 Maces & Flails
 - Level 1.0 Throwing
 - Level 1.0 Dodging
   Level 1.1 Shields
   Level 1.5 Necromancy
 - Level 1.0 Poison Magic


You couldn't memorise any spells.
You knew the following spells:

 Your Spells              Type           Power        Failure   Level  Hunger
a - Sting                 Conj/Pois      #...         26%         1    ##.....

Your spell library contained the following spells:

 Spells                   Type           Power        Failure   Level  Hunger
 Poisonous Vapours        Pois/Air       #.....       36%         2    ###....
 Mephitic Cloud           Conj/Pois/Air  #.......     63%         3    ####...
 Olgreb's Toxic Radiance  Pois           #.......     90%         4    #####..
 Venom Bolt               Conj/Pois      #.........   100%        5    ######.


Dungeon Overview and Level Annotations

Branches:
Dungeon (1/15)

Altars:


Innate Abilities, Weirdness & Mutations

You are resistant to torment.
Your stone body is resilient. (AC +2)
You are immune to poison.
You resist negative energy. (rN+)
You are resistant to electric shocks. (rElec)
You can survive without breathing.
You are immune to petrification.
You are immune to rotting.


Message History

Aim: a gnoll, wielding a +0 club (almost dead)
You miscast Sting.
You are very lightly contaminated with residual magic.
Your skin glows momentarily.
The gnoll barely misses you.
You hit the gnoll but do no damage.
The gnoll is almost dead.
The gnoll hits you with a +0 club.
* * * LOW HITPOINT WARNING * * *
There is an open door here.
You are feeling hungry.
Casting: Sting (safe; 26% risk of failure)
Confirm with . or Enter, or press ? or * to list all spells.
Aiming: Sting (safe; 26% risk of failure)
Press: ? - help, Shift-Dir - straight line, f/p - gnoll
Aim: a gnoll, wielding a +0 club (almost dead)
The sting hits the gnoll but does no damage.
The gnoll is poisoned.
The gnoll is almost dead.
The gnoll hits you with a +0 club.
You die...

#.........# #..#..#####......##
#.#######.# #..#.##.# ##....##
#.##### #.# #..#.##.# #...## ###
......# #.###..#.##.# #..## #..
#.###.# #.#.........# #.## #.#
#.# #.# #.#.####g#.## #'### #.#
#.###.###.#.# #.#.# #.#'## #.#
#.........#.####g#.# #....###g#
#####.#####.##..@#.# ##.....##.#
.......# #........# ##.......#.#
#...#.########....####..........#
.....................+...........
#...#.########....####.........##
##....# #...## ##..)....##
####..# ###.# ###.....## # #..#
#.# #.......# ####..# #.#
#.......#


You could see a gnoll and a hobgoblin.

Vanquished Creatures
  A dart slug (D:1)
  2 leopard geckos (D:1)
  A goblin (D:1)
  3 hobgoblins (D:1)
  3 kobolds (D:1)
  2 rats (D:1)
12 creatures vanquished.

Notes
Turn   | Place    | Note
-------+----------+-------------------------------------------
     0 | D:1      | tsouns the Gargoyle Wanderer began the quest for the Orb.
     0 | D:1      | tsouns set off with the following items: a +0 short sword,
                  | a potion of lignification, a +0 robe, a ration; and the
                  | following spell memorised: Sting; and the following spells
                  | available to memorise: Poisonous Vapours, Mephitic Cloud,
                  | Olgreb's Toxic Radiance, Venom Bolt
     0 | D:1      | Reached XP level 1. HP: 12/12 MP: 1/1
   251 | D:1      | Reached XP level 2. HP: 13/18 MP: 2/2
   638 | D:1      | Reached skill level 3 in Fighting
   638 | D:1      | Reached skill level 1 in Maces & Flails
  1047 | D:1      | Slain by a gnoll

Levels and vault maps discovered:
D:1:      mrwooster_arrival_arrow, layout_loops_corners, minmay_pentomino_p4

Skill      XL: |  1  2 |
---------------+-------+-----
Fighting       | 3 |  3.0
Maces & Flails | 1 |  1.1
Short Blades   | |  1.7
Throwing       | |  1.0
Dodging        | |  1.0
Shields        | |  1.1
Necromancy     | |  1.5
Poison Magic   | |  1.0

Action                   || total
-------------------------++-------
Melee: Short sword       ||    59
 Cast: Sting             ||     2
Armor: Robe              ||     9
Dodge: Dodged            ||    33

Table legend:
 A = Non-vault XP
 B = Vault XP
 C = Vault XP percentage of total XP
 D = Non-vault monster count
 E = Vault monster count
 F = Vault count percentage of total count
                 A         B        C        D         E       F
            +---------+---------+-------+---------+---------+-------
      Total |      24 |       0 |   0.0 |      12 |       0 |   0.0
            +---------+---------+-------+---------+---------+-------
        D:1 |      24 |       0 |   0.0 |      12 |       0 |   0.0
            +---------+---------+-------+---------+---------+-------
